 Dungeon Crawl Stone Soup version 0.20.0-15-g7f486f2 (webtiles) character file.

9839 grindst0ne the Covert (level 11, 0/72 HPs)
             Began as an Octopode Assassin on June 10, 2017.
             Was an Elder of Dithmenos.
             Slain by a red ugly thing (17 damage)
             ... on level 11 of the Dungeon.
             The game lasted 01:15:29 (12685 turns).

grindst0ne the Covert (Octopode Assassin)          Turns: 12685, Time: 01:15:30

Health: 0/72       AC:  2    Str: 12    XL:     11   Next: 52%
Magic:  16/17      EV: 13    Int:  9    God:    Dithmenos [****..]
Gold:   340        SH:  0    Dex: 20    Spells: 10/10 levels left

rFire    . . .     SeeInvis +   a - +8 dagger of the Common Good {drain, rC+ Int-4 Dex+4 SInv}
rCold    + . .     Gourm    .   (no shield)
rNeg     . . .     Faith    .   D - +1 hat
rPois    .         Spirit   .   (no amulet)
rElec    .         Reflect  .   g - ring of see invisible
rCorr    .         Harm     .   (no ring)
MR       .....                  (no ring)
Stlth    +++++++++.             (no ring)
Regen    0.3/turn               (no ring)
MPRegen  0.2/turn               (no ring)
                                (no ring)
                                (no ring)

@: about to teleport, wreathed by umbra
A: almost no armour, stealthy swim, amphibious, 8 rings, constrict 8, camouflage
1, gelatinous body 1
a: Shadow Step, Renounce Religion


You were on level 11 of the Dungeon.
You worshipped Dithmenos.
Dithmenos was greatly pleased with you.
You were hungry.

You visited 1 branch of the dungeon, and saw 11 of its levels.

You collected 490 gold pieces.
You spent 150 gold pieces at shops.

Inventory:

Hand Weapons
 a - the +8 dagger of the Common Good (weapon) {drain, rC+ Int-4 Dex+4 SInv}
   (You found it on level 5 of the Dungeon)

   A truly terrible weapon, it drains the life of those it strikes.
   It affects your intelligence (-4).
   It affects your dexterity (+4).
   It protects you from cold.
   It lets you see invisible.
 b - a +0 blowgun
Missiles
 c - 23 poisoned needles (quivered)
 z - 7 javelins of penetration
Armour
 D - a +1 hat (worn)
 I - a +0 shield
Jewellery
 g - a ring of see invisible (left tentacle)
 q - an uncursed amulet of rage
Wands
 d - a wand of paralysis (17/24)
 y - a wand of iceblast (9/15)
 E - a wand of acid (10/15)
 F - a wand of acid (8/15)
 G - a wand of digging (9/24)
 N - a wand of iceblast (7/15)
Scrolls
 e - 2 scrolls of enchant weapon
 l - 3 scrolls of recharging
 m - 2 scrolls of enchant armour
 o - 4 scrolls of teleportation
 r - a scroll of immolation {unknown}
 x - a scroll of fog {unknown}
 A - a scroll of amnesia {unknown}
 B - 5 scrolls of magic mapping {unknown}
 K - a scroll of remove curse
 O - a scroll of identify
Potions
 h - a potion of lignification
 i - 2 potions of mutation
 j - 4 potions of agility
 k - 3 potions of curing
 p - a potion of haste
 s - 2 potions of might
 w - a potion of berserk rage
 C - 5 potions of brilliance
 J - a potion of ambrosia
Books
 H - a book of Changes

   Spells                             Type                      Level
   a - Beastly Appendage              Transmutation                1
   b - Sticks to Snakes               Transmutation                2
   c - Spider Form                    Transmutation/Poison         3
   d - Ice Form                       Ice/Transmutation            4
   e - Blade Hands                    Transmutation                5
 M - a Young Poisoner's Handbook

   Spells                             Type                      Level
   a - Sting                          Conjuration/Poison           1
   b - Poisonous Vapours              Poison/Air                   2
   c - Mephitic Cloud                 Conjuration/Poison/Air       3
   d - Olgreb's Toxic Radiance        Poison                       4
   e - Venom Bolt                     Conjuration/Poison           5
Comestibles
 f - 4 bread rations
 n - 5 meat rations
 t - 15 royal jellies
 u - 4 fruits


   Skills:
 + Level 5.7 Fighting
 - Level 10.4 Short Blades
 - Level 8.0 Throwing
 - Level 1.0 Dodging
 - Level 12.3 Stealth
 - Level 2.1 Invocations
 - Level 8.0 Evocations


You had 10 spell levels left.
You didn't know any spells.

Dungeon Overview and Level Annotations

Branches:
Dungeon (11/15)            Temple (0/1) D:6             Orc (0/2) D:11
   Lair: D:8-11

Altars:
Ashenzari
Dithmenos
Elyvilon
Fedhas
Hepliaklqana
Kikubaaqudgha
Makhleb
Nemelex Xobeh
Qazlal
Sif Muna
Trog
Uskayaw
Yredelemnul
Zin

Shops:
D:5 *!*%(   D:7 [

Annotations:
D:7 exclusion: downstairs
D:11 1 exclusion


Innate Abilities, Weirdness & Mutations

You cannot wear most types of armour.
You are very stealthy in the water. (Stealth+)
You are amphibious.
You can wear up to eight rings at the same time.
You can use your tentacles to constrict eight enemies at once.
Your skin changes colour to match your surroundings (Stealth+).
Your rubbery body absorbs attacks. (AC +1, EV +1)


Message History

You kill the orc!
Dithmenos accepts your kill.
There is an open door here.
You see here a large rock.
You are feeling hungry.
You hit the red ugly thing. Your grab misses the red ugly thing.
The red ugly thing is lightly wounded.
Your shadow hits the red ugly thing with a dagger.
You hit the red ugly thing but do no damage.
Your grab misses the red ugly thing. You squeeze the red ugly thing.
The red ugly thing is lightly wounded.
The red ugly thing stings you!
You are engulfed in flames!!
As you read the scroll of teleportation, it crumbles to dust.
You feel strangely unstable. The red ugly thing stings you!
You are engulfed in flames!
* * * LOW HITPOINT WARNING * * *
You feel much better. The red ugly thing stings you!
* * * LOW HITPOINT WARNING * * *
You are engulfed in flames!
You die... #..........# #.# #.# #.# ########'#### ## #.#.........# o.. ###.#.#)#####.# .... #.(.#.#.....#.# oC...

#.#u#.#####.#.#
......#.#.@.#...#.#.#
......).#.###.#.#.#.#
...u..###.....#...#.#
...... #############
..... #####


You could see a red ugly thing.

Vanquished Creatures
  Erica (D:11)
  3 two-headed ogres
  Pikel (D:6)
  The ghost of removed the Jinx, a novice SpNe (D:7)
  A hippogriff (D:9)
  3 wyverns
  6 yaks (D:11)
  Menkaure (D:4)
  Edmund (D:6)
  4 ice beasts
  3 orc warriors
  6 ogres
  3 sky beasts
  A black bear (D:10)
  An eye of draining (D:11)
  6 centaurs
  A crocodile (D:9)
  Blork the orc (D:6)
  A big kobold (D:8)
  5 bullfrogs
  A gnoll sergeant (D:11)
  A wyvern skeleton (D:8)
  10 killer bees
  4 howler monkeys
  A bullfrog zombie (D:9)
  5 crimson imps
  4 hounds
  6 jellies
  Crazy Yiuf (D:6)
  5 orc priests
  A bullfrog skeleton (D:8)
  7 worker ants
  An iguana (D:9)
  5 orc wizards
  3 hound skeletons
  A howler monkey zombie (D:6)
  A howler monkey skeleton (D:8)
  10 adders
  5 gnolls (D:11)
  6 oozes
  2 adder zombies (D:7)
  2 worms
  A dart slug (D:3)
  6 leopard geckos
  48 orcs
  A giant cockroach (D:3)
  11 goblins
  10 hobgoblins
  14 jackals
  6 quokkas
  2 ball pythons
  6 bats
  A frilled lizard (D:1)
  16 kobolds
  A leopard gecko skeleton (D:4)
  3 rats
258 creatures vanquished.

Vanquished Creatures (others)
  4 slaves (D:6)
  2 orcs (D:6)
6 creatures vanquished.

Grand Total: 264 creatures vanquished

Notes
Turn   | Place    | Note
-------+----------+-------------------------------------------
     0 | D:1      | grindst0ne the Octopode Assassin began the quest for the Orb.
     0 | D:1      | Reached XP level 1. HP: 14/14 MP: 1/1
   193 | D:1      | Reached XP level 2. HP: 19/19 MP: 2/2
   628 | D:1      | Reached XP level 3. HP: 22/24 MP: 3/3
   811 | D:2      | Reached skill level 6 in Stealth
  1023 | D:2      | Found a deep blue altar of Sif Muna.
  1026 | D:2      | Found a shadowy altar of Dithmenos.
  1029 | D:2      | Found a basalt altar of Yredelemnul.
  1039 | D:2      | Became a worshipper of Dithmenos the Shadowed
  1516 | D:2      | Reached XP level 4. HP: 29/29 MP: 4/4
  2138 | D:3      | Reached * piety under Dithmenos
  2245 | D:3      | Reached skill level 7 in Stealth
  2880 | D:3      | Reached XP level 5. HP: 29/34 MP: 5/5
  3543 | D:4      | Noticed Menkaure
  3544 | D:4      | Killed Menkaure
  3544 | D:4      | Reached XP level 6. HP: 39/39 MP: 6/6
  3549 | D:4      | Reached skill level 8 in Stealth
  4211 | D:4      | Found a bloodstained altar of Trog.
  4421 | D:4      | Found a sparkling altar of Nemelex Xobeh.
  4422 | D:4      | Found a burning altar of Makhleb.
  4422 | D:4      | Found a hazy altar of Hepliaklqana.
  4427 | D:4      | Found a glowing silver altar of Zin.
  4557 | D:5      | Entered Level 5 of the Dungeon
  4598 | D:5      | Found Vugh's General Store.
  4603 | D:5      | Found Dokku's Food Shop.
  4608 | D:5      | Found Yczas's Antique Weapon Shoppe.
  4627 | D:5      | Reached XP level 7. HP: 45/45 MP: 7/7
  4836 | D:5      | Found a hide-covered altar of Uskayaw.
  4864 | D:5      | HP: 2/45 [ice beast (12)]
  5258 | D:5      | Reached skill level 5 in Short Blades
  5258 | D:5      | Reached skill level 9 in Stealth
  5288 | D:5      | Found Haotefy's Distillery.
  5291 | D:5      | Bought a potion of heal wounds for 50 gold pieces
  5291 | D:5      | Bought a potion of heal wounds for 50 gold pieces
  5291 | D:5      | Bought a potion of berserk rage for 50 gold pieces
  5391 | D:5      | Found Elah Aqa's Assorted Antiques.
  5428 | D:5      | Found a shattered altar of Ashenzari.
  5438 | D:5      | Got a faintly glowing dagger
  5439 | D:5      | Identified the +8 dagger of the Common Good {drain, rC+ Int-4 Dex+4 SInv} (You found it on level 5 of the Dungeon)
  5819 | D:6      | Noticed Pikel
  5822 | D:6      | Killed Pikel
  5822 | D:6      | Reached skill level 5 in Throwing
  5822 | D:6      | Reached skill level 10 in Stealth
  5822 | D:6      | Reached XP level 8. HP: 50/50 MP: 8/8
  5962 | D:6      | Found a white marble altar of Elyvilon.
  5986 | D:6      | Found a staircase to the Ecumenical Temple.
  5996 | D:6      | Reached ** piety under Dithmenos
  6138 | D:6      | Noticed Edmund
  6159 | D:6      | Killed Edmund
  6159 | D:6      | Reached XP level 9. HP: 48/54 MP: 9/9
  6193 | D:6      | Reached skill level 11 in Stealth
  6259 | D:6      | Noticed Blork the orc
  6284 | D:6      | Killed Blork the orc
  6381 | D:6      | Found a runed door.
  6386 | D:6      | Noticed Crazy Yiuf
  6400 | D:6      | Killed Crazy Yiuf
  6427 | D:6      | Identified the +4 mace of Propriety {flame, rElec} (You found it on level 6 of the Dungeon)
  6783 | D:7      | Noticed removed's ghost (novice SpNe)
  6784 | D:7      | Killed removed's ghost
  6977 | D:7      | Found Kyno's Antique Armour Emporium.
  7091 | D:7      | Found an ancient bone altar of Kikubaaqudgha.
  7429 | D:7      | Reached skill level 12 in Stealth
  7479 | D:7      | Reached *** piety under Dithmenos
  8410 | D:7      | Reached skill level 1 in Evocations
  8577 | D:7      | Reached XP level 10. HP: 49/60 MP: 11/11
  9099 | D:8      | Found a stormy altar of Qazlal.
  9217 | D:8      | Found a blossoming altar of Fedhas.
  9610 | D:8      | Noticed a two-headed ogre
  9618 | D:8      | Killed a two-headed ogre
  9618 | D:8      | Reached skill level 5 in Evocations
  9849 | D:9      | Noticed a two-headed ogre
  9868 | D:9      | Killed a two-headed ogre
 10203 | D:9      | Reached **** piety under Dithmenos
 10266 | D:9      | Noticed a two-headed ogre
 10272 | D:9      | Killed a two-headed ogre
 10272 | D:9      | Reached skill level 10 in Short Blades
 10272 | D:9      | Reached XP level 11. HP: 64/64 MP: 11/16
 10719 | D:10     | Entered Level 10 of the Dungeon
 11744 | D:11     | Reached skill level 1 in Invocations
 12340 | D:11     | Found a staircase to the Orcish Mines.
 12383 | D:11     | Noticed Erica
 12389 | D:11     | Killed Erica
 12389 | D:11     | Reached skill level 5 in Fighting
 12472 | D:11     | Noticed a death yak
 12473 | D:11     | Noticed a death yak
 12571 | D:11     | Noticed a red ugly thing
 12572 | D:11     | Noticed a cyclops
 12685 | D:11     | Slain by a red ugly thing

Skill      XL: |  1  2  3  4  5  6  7  8  9 10 11 |
---------------+----------------------------------+-----
Stealth        | 6 7 8 10 12 | 12.3
Short Blades   | 3 4 6 8 10 | 10.4
Throwing       | 3 4 5 6 8 |  8.0
Evocations     | 2 7 8 |  8.0
Invocations    | 2 |  2.1
Fighting       | 5 |  5.7
Dodging        | |  1.0

Action                   |  1- 3 |  4- 6 |  7- 9 | 10-12 || total
-------------------------+-------+-------+-------+-------++-------
Melee: Dagger            |    66 |    98 |   160 |   184 ||   508
       Constrict         |    15 |    23 |    23 |    23 ||    84
       Tentacles         |    11 |    17 |    25 |    35 ||    88
 Fire: Blowgun           |       |    57 |    25 |    12 ||    94
Invok: Shadow Step       |       |       |       |     1 ||     1
Evoke: Wand              |       |       |       |    18 ||    18
  Use: Scroll            |       |     6 |     3 |    12 ||    21
       Potion            |       |       |     2 |     6 ||     8
 Stab: Sleeping          |     8 |     5 |    13 |    33 ||    59
       Distracted        |       |       |     3 |       ||     3
       Paralysed         |       |       |       |     3 ||     3
  Eat: Chunk             |     2 |     9 |     6 |    14 ||    31
       Bread ration      |       |       |     1 |       ||     1
Armor: Skin              |     6 |     7 |     9 |     3 ||    25
Dodge: Dodged            |    38 |    67 |    90 |    76 ||   271
